 Dungeon Crawl Stone Soup version 0.29.1-1-gd02db6906a (webtiles) character file.

Game seed: 10960511706069728615

17 hawla the Stinger (level 2, -3/11 HPs)
             Began as a Felid Venom Mage on Sept 27, 2022.
             Killed from afar by a dart slug (5 damage)
             ... with a slug dart
             ... on level 1 of the Dungeon.
             The game lasted 00:01:18 (1256 turns).

hawla the Stinger (Felid Venom Mage)                Turns: 1256, Time: 00:01:19

Health: -3/11      AC:  1    Str:  4    XL:     2   Next: 44%
Magic:  6/6        EV: 17    Int: 16    God:
Gold:   27         SH:  0    Dex: 16    Spells: 4/5 levels left
                                        Lives:  0   Deaths: 0

rFire   . . .      SeeInvis +   (weapon unavailable)
rCold   . . .      Faith    .   (shield unavailable)
rNeg    . . .      Spirit   .   (body armour unavailable)
rPois   .          Reflect  .   (helmet unavailable)
rElec   .          Harm     .   (cloak unavailable)
rCorr   .          Rampage  .   (gloves unavailable)
Will    .....                   (boots unavailable)
Stlth   ++........              (no amulet)
HPRegen 0.03/turn               (no ring)
MPRegen 0.10/turn               (no ring)

@: quick
A: very small, claws 1, fangs 3, see invisible, speed 1, shaggy fur 1, stealthy
paws, no weapons or thrown items, no armour, multi-lived
a: no special abilities


You were on level 1 of the Dungeon.
You visited 1 branch of the dungeon, and saw 1 of its levels.

You collected 27 gold pieces.

Inventory:

Scrolls
 b - a scroll of magic mapping {unknown}
 c - a scroll of identify {unknown}


   Skills:
 + Level 3.0 Dodging
 + Level 2.7 Stealth
 + Level 2.2 Spellcasting
 + Level 1.1 Transmutations
 + Level 3.2 Poison Magic


You had 4 spell levels left.
You knew the following spells:

 Your Spells              Type           Power      Damage    Failure   Level
a - Sting                 Tmut/Pois      32%        1d4       9%          1

Your spell library contained the following spells:

 Spells                   Type           Power      Damage    Failure   Level
 Poisonous Vapours        Pois/Air       12%        N/A       16%         2
 Mephitic Cloud           Conj/Pois/Air  5%         N/A       36%         3
 Olgreb's Toxic Radiance  Pois           12%        N/A       47%         4


Dungeon Overview and Level Annotations

Branches:
Dungeon (1/15)

Altars:


Innate Abilities, Weirdness & Mutations

You have sharp claws.
You have razor-sharp teeth.
You have supernaturally acute eyesight. (SInv)
You cover ground quickly. (Speed+)
You are covered in fur. (AC +1)
Your paws help you pounce on unaware monsters.
You are incapable of wielding weapons or throwing items.
You cannot wear armour.
You gain extra lives every three experience levels.


Message History

Press: ? - help, Shift-Dir - straight line, f/p - quokka
Aim: a quokka (56% to hit)
The sting hits the quokka but does no damage.
The quokka is poisoned.
The quokka closely misses you.
You miss the quokka.
The quokka is heavily wounded.
The quokka barely misses you.
You scratch the quokka but do no damage.
You bite the quokka, but do no damage.
The quokka is heavily wounded.
The quokka misses you. The quokka closely misses you.
You completely miss the quokka.
The quokka is almost dead.
You kill the quokka!
You see here a quokka corpse.
You see here a quokka corpse.
You see here a quokka corpse.
You open the door.
There is an open door here.
Things that are here:
a +0 dagger; 5 stones Key pressed, stopping explore.
You see here a +0 whip.
Found an escape hatch in the floor.
There is an escape hatch in the floor here.
There is an empty arch of ancient stone here.
There is an empty arch of ancient stone here.
c - a scroll labelled UTRIC NURI A dart slug comes into view.
A dart slug is nearby!
Found 10 gold pieces.
The dart slug launches a dart at you. The slug dart hits you.
The dart slug launches a dart at you. The slug dart hits you.
* * * LOW HITPOINT WARNING * * *
It was a potion of cancellation.
You feel magically purged. The dart slug launches a dart at you.
The slug dart hits you.
You die...

#.# #.# ## ## #####.#
.## ####. ..##.# #.#
#....####.##.########
.##
#.......#.##.........
.# ...
#.......####### .#
####.#.####......# .#
..$....@....#...## .#
.##.w###.#.###.## .#
# #.#.# #.# .# #.#.#
#.# .# #.#.# #+# .##
...$# ..# ..### #.#
### ..########


You could see a dart slug.

Vanquished Creatures
  3 bats (D:1)
  An endoplasm (D:1)
  3 giant cockroaches (D:1)
  A goblin (D:1)
  2 jackals (D:1)
  2 kobolds (D:1)
  A quokka (D:1)
  A rat (D:1)
14 creatures vanquished.

Notes
Turn   | Place    | Note
-------+----------+-------------------------------------------
     0 | D:1      | hawla the Felid Venom Mage began the quest for the Orb.
     0 | D:1      | Reached XP level 1. HP: 7/7 MP: 4/4
   291 | D:1      | Reached XP level 2. HP: 9/11 MP: 0/6
  1256 | D:1      | Killed from afar by a dart slug

Illustrated notes

Levels and vault maps discovered:
D:1:      heliophobic_arrival_henge, layout_loops_corners,
          ebering_ecumenical_altar_box

Skill      XL: |  1  2 |
---------------+-------+-----
Poison Magic   | 3 |  3.2
Dodging        | 3 |  3.0
Stealth        | |  2.7
Spellcasting   | |  2.2
Transmutations | |  1.1

Action                   || total
-------------------------++-------
Melee: Unarmed           ||    12
       Punch             ||     1
       Bite              ||     1
 Cast: Sting             ||    19
  Use: Potion            ||     2
 Stab: Sleeping          ||     2
Dodge: Dodged            ||    19
